Map: Oxide LE

Players

ziGGy

  • Race: Terran Terran

Lilbow - Winner!

  • Race: Protoss Protoss

Event: DreamHack SC2 Masters 2021 Fall

VOD

Have the link to the VOD?

Description

Time

  • Played on: Aug. 4, 2021, 11:01 a.m.
  • Length: 9:06

All games in this series

Show
View Real Time Build Order
Export as new Build Order

ziGGy Terran 

Build Orders: Reaper Expand, Banshee Rush 

Get SALT Encoding   

  12  0:00  SCV  
  13  0:12  SCV  
  14  0:16  Supply Depot  
  14  0:24  SCV  
  15  0:38  SCV  
  15  0:40  Barracks  
  16  0:43  Refinery  
  16  0:50  SCV  
  17  1:02  SCV  
  18  1:14  SCV  
  19  1:26  Command Center  
  19  1:28  Reaper  
  20  1:39  Orbital Command  
  20  1:56  Supply Depot  
  20  2:00  Marine  
  21  2:03  Factory  
  21  2:05  SCV  
  22  2:15  Bunker  
  22  2:18  SCV  
  22  2:19  Barracks Reactor  
  23  2:24  Refinery  
  23  2:30  SCV  
  24  2:39  Orbital Command  
  24  2:42  SCV  
  25  2:49  Hellion  
  27  2:54  SCV  
  27  2:55  Starport  
  27  2:58  Marine  
  28  2:59  Marine  
  30  3:06  SCV x2  
  30  3:12  Factory Tech Lab  
  32  3:16  Marine  
  32  3:17  Marine  
  32  3:18  SCV  
  35  3:21  SCV  
  36  3:29  Supply Depot  
  36  3:30  SCV  
  37  3:34  SCV  
  37  3:36  Marine x2  
  37  3:38  Factory Tech Lab  
  40  3:43  SCV  
  40  3:46  SCV  
  42  3:52  Supply Depot  
  42  3:54  Engineering Bay  
  42  3:55  Supply Depot, SCV  
  43  3:57  Marine x2  
  43  3:58  Cloaking Field  
  45  4:05  Banshee  
  48  4:10  Siege Tank  
  48  4:12  SCV  
  48  4:15  SCV  
  53  4:23  Marine x2  
  55  4:24  SCV  
  55  4:27  SCV  
  57  4:36  SCV  
  58  4:39  SCV  
  58  4:41  Marine x2  
  58  4:42  Siege Tank  
  58  4:43  Supply Depot  
  64  4:47  Banshee  
  64  4:48  SCV  
  64  4:51  SCV  
  69  4:55  Supply Depot  
  68  5:00  Marine x2  
  68  5:04  SCV  
  71  5:07  SCV  
  72  5:19  Command Center  
  72  5:21  Barracks  
  72  5:23  Siege Tank  
  72  5:25  SCV  
  72  5:27  SCV  
  77  5:37  SCV  
  77  5:38  Engineering Bay  
  77  5:40  Barracks  
  78  5:44  SCV  
  76  5:50  SCV  
  76  5:56  SCV  
  74  5:58  Siege Tank  
  74  5:59  Marine x2  
  74  6:04  SCV  
  74  6:07  Barracks Tech Lab, Terran Infantry Weapons Level 1  
  74  6:08  SCV  
  74  6:10  Refinery  
  74  6:11  Refinery  
  73  6:16  SCV  
  63  6:20  SCV  
  63  6:28  SCV  
  63  6:30  Stimpack  
  63  6:32  SCV, Orbital Command, Starport Reactor  
  62  6:40  SCV  
  62  6:43  Marine x2  
  62  6:44  SCV, Marauder x2  
  70  6:48  Terran Infantry Armor Level 1  
  70  6:52  SCV  
  70  6:53  Missile Turret  
  71  6:56  SCV, Missile Turret  
  71  7:00  Siege Tank  
  71  7:01  Marine x2  
  75  7:05  Marine x2, SCV  
  80  7:08  SCV  
  80  7:09  Supply Depot  
  80  7:10  Supply Depot, Combat Shield  
  80  7:15  SCV  
  82  7:17  SCV  
  82  7:19  Marine x2  
  82  7:21  SCV  
  86  7:22  Marine  
  86  7:23  Marine  
  86  7:29  SCV  
  90  7:34  Orbital Command, Siege Tank  
  90  7:35  Armory, Barracks x2  
  90  7:36  Marine  
  90  7:37  Marine, SCV  
  89  7:40  Marine x2  
  89  7:42  SCV  
  95  7:44  Medivac  
  95  7:49  SCV, Missile Turret  
  95  7:50  Command Center  
  98  7:51  Missile Turret  
  98  7:54  Marine x2, SCV  
  98  7:55  Missile Turret  
  98  7:57  Refinery, Medivac  
  98  7:58  Marine x2  
  103  7:59  Refinery  
  103  8:00  SCV  
  103  8:02  SCV  
  107  8:06  SCV  
  107  8:09  Sensor Tower  
  107  8:12  Marine x2, SCV  
  110  8:14  SCV  
  110  8:15  Missile Turret  
  110  8:16  Medivac, Marauder  
  110  8:17  Factory Reactor  
  110  8:18  SCV, Missile Turret  
  117  8:22  Supply Depot, Marauder  
  117  8:23  Supply Depot  
  117  8:24  SCV  
  120  8:28  SCV  
  120  8:30  Marine x2  
  120  8:31  Barracks Tech Lab x2  
  123  8:38  Marauder  
  109  8:42  Marine  
  109  8:48  Marine x2  
Show
View Real Time Build Order
Export as new Build Order

Lilbow Protoss - Winner!

Build Orders: 1 Gate Expand, Blink Stalkers 

Get SALT Encoding   

  12  0:00  Probe  
  13  0:12  Probe  
  14  0:17  Pylon  
  14  0:24  Probe (Chrono Boost)  
  16  0:36  Gateway, Probe (Chrono Boost)  
  16  0:43  Probe (Chrono Boost)  
  16  0:45  Assimilator  
  17  0:51  Probe  
  18  1:03  Probe  
  19  1:15  Probe  
  20  1:23  Cybernetics Core  
  20  1:31  Nexus  
  20  1:34  Probe  
  21  1:41  Pylon  
  21  1:46  Probe  
  22  1:48  Assimilator  
  22  1:59  Warp Gate, Probe (Chrono Boost)  
  23  2:01  Adept (Chrono Boost)  
  25  2:11  Probe (Chrono Boost)  
  26  2:19  Probe (Chrono Boost)  
  27  2:25  Probe  
  27  2:28  Stalker (Chrono Boost)  
  30  2:35  Twilight Council  
  30  2:37  Probe  
  32  2:44  Probe  
  32  2:49  Probe  
  33  2:54  Gateway  
  33  2:56  Probe (Chrono Boost)  
  34  2:59  Robotics Facility  
  34  3:02  Probe (Chrono Boost)  
  37  3:14  Probe x2 (Chrono Boost)  
  37  3:19  Probe (Chrono Boost)  
  37  3:20  Blink (Chrono Boost)  
  37  3:21  Probe (Chrono Boost)  
  39  3:28  Probe  
  39  3:32  Probe  
  41  3:44  Nexus, Probe  
  41  3:48  Observer (Chrono Boost), Probe  
  43  3:50  Pylon  
  43  3:54  Stalker  
  43  3:55  Pylon  
  46  3:57  Assimilator  
  46  4:08  Probe x2  
  46  4:09  Assimilator  
  48  4:11  Stalker  
  50  4:18  Stalker  
  50  4:20  Probe x2  
  50  4:24  Pylon  
  53  4:32  Probe x2  
  53  4:33  Observer (Chrono Boost)  
  53  4:35  Stalker  
  53  4:38  Pylon  
  57  4:42  Shield Battery, Stalker  
  57  4:44  Probe x2  
  61  4:52  Observer (Chrono Boost)  
  62  4:56  Probe  
  62  4:57  Probe x2  
  65  5:00  Shield Battery  
  65  5:06  Shield Battery  
  65  5:08  Probe, Robotics Bay  
  65  5:09  Probe x2  
  68  5:14  Charge  
  71  5:22  Gateway  
  71  5:23  Gateway, Immortal (Chrono Boost)  
  71  5:27  Zealot  
  71  5:28  Sentry  
  76  5:32  Gateway  
  76  5:38  Gateway  
  76  5:45  Gateway  
  76  5:49  Stalker  
  76  5:53  Stalker  
  76  5:55  Probe  
  76  5:56  Probe  
  74  6:01  Probe  
  75  6:07  Probe  
  75  6:08  Probe  
  71  6:13  Probe  
  71  6:16  Stalker x2  
  70  6:19  Probe  
  70  6:20  Probe  
  70  6:21  Stalker x2  
  72  6:25  Probe  
  72  6:31  Probe  
  72  6:32  Probe  
  70  6:38  Probe  
  69  6:43  Probe  
  69  6:44  Probe  
  69  6:50  Probe  
  69  6:52  Colossus (Chrono Boost)  
  70  6:55  Probe  
  70  6:56  Probe  
  78  7:02  Probe  
  78  7:03  Zealot x5  
  78  7:07  Probe  
  90  7:08  Probe  
  91  7:17  Gateway  
  91  7:18  Gateway  
  91  7:22  Gateway  
  91  7:25  Gateway  
  91  7:28  Gateway  
  88  7:30  Zealot x2  
  88  7:31  Probe x2  
  88  7:35  Pylon  
  88  7:37  Pylon  
  93  7:38  Pylon  
  93  7:41  Warp Prism (Chrono Boost)  
  93  7:49  Pylon  
  93  7:53  Probe x3  
  93  7:55  Sentry, Zealot x5  
  93  7:57  Stalker  
  110  8:06  Pylon  
  110  8:08  Pylon  
  110  8:25  Zealot  
  110  8:26  Zealot x11  
  118  8:46  Zealot  
  107  8:50  Zealot x10  
  107  8:54  Zealot  
  107  8:55  Zealot  

Tags
 
Add a new tag
Caveats
  • Supply blocks, unpowered buildings, or Contaminate may cause inaccurate times.
  • Supply counts are checked every 10 seconds.